 Dungeon Crawl Stone Soup version 0.19-a0-1341-g3513869 (webtiles) character file.

6480 inmateoo the Carver (level 10, 0/85 (86) HPs)
             Began as a White Draconian Fighter on Sept 1, 2016.
             Was a High Priest of Okawaru.
             Slain by an orc warrior
             ... wielding a +0 halberd
              (15 damage)
             ... on level 10 of the Dungeon.
             The game lasted 00:16:45 (10112 turns).

inmateoo the Carver (White Draconian Fighter)      Turns: 10112, Time: 00:16:46

HP:   0/85 (86)     AC: 12    Str: 17    XL:     10   Next: 68%
MP:   19/19         EV: 14    Int:  9    God:    Okawaru [*****.]
Gold: 30            SH: 15    Dex: 13    Spells: 0 memorised, 9 levels left

rFire  + . .     SeeInvis .     a - +1 long sword
rCold  + . .     Gourm    .     (armour unavailable)
rNeg   . . .     Faith    .     b - +0 shield
rPois  .         Spirit   .     D - +0 hat
rElec  .         Dismiss  .     v - +1 cloak
rCorr  +         Reflect  +     u - +2 pair of gloves
MR     +....     Harm     .     (no boots)
Stlth  +......... Clarity  +    i - +6 amulet of reflection
                                K - ring of resist corrosion
                                g - ring of magical power

@: short of breath
A: breathe frost, unfitting armour, clarity, cold resistance 1, fire resistance
1, magic resistance 1, weak 1, evolution 1, cold-blooded, AC +7
a: Breathe Frost, Heroism, Finesse, Renounce Religion


You were on level 10 of the Dungeon.
You worshipped Okawaru.
Okawaru was extremely pleased with you.
You were not hungry.

You visited 1 branch of the dungeon, and saw 10 of its levels.
You also visited: Ossuary.

You collected 438 gold pieces.
You spent 408 gold pieces at shops.

Inventory:

Hand Weapons
 a - a +1 long sword (weapon)
 k - the +5 great sword "Koonweosh" {pain, Fragile rN+ Dex+2, unknown}
   (Okawaru gifted it to you on level 10 of the Dungeon)

   In the hands of one skilled in necromantic magic, it inflicts extra damage on
   living creatures.
   It affects your dexterity (+2).
   It protects you from negative energy.
   It will be destroyed if unequipped.
Armour
 b - a +0 shield (worn)
 u - a +2 pair of gloves (worn)
 v - a +1 cloak (worn)
 D - a +0 hat (worn)
Jewellery
 g - a ring of magical power (left hand)
 i - a +6 amulet of reflection (around neck)
 J - an uncursed ring of flight
 K - a ring of resist corrosion (right hand)
 M - an uncursed ring of fire
Wands
 r - a wand of slowing (25/48)
 t - a wand of enslavement (16/24)
 x - a wand of iceblast (0/15)
 G - a wand of random effects (17/48)
Scrolls
 c - a scroll of enchant armour
 j - 2 scrolls of fog
 n - a scroll of amnesia
 o - 2 scrolls of summoning {unknown}
 p - 2 scrolls of blinking
 q - 4 scrolls of teleportation
 s - 7 scrolls of remove curse
 y - a scroll of fear
 H - a scroll of recharging
 I - 5 scrolls of identify
Potions
 h - 4 potions of ambrosia
 l - 4 potions of cancellation
 w - 4 potions of lignification
 z - a potion of heal wounds
 A - a potion of curing
 B - a potion of invisibility
 C - a potion of cure mutation
 E - a potion of resistance
 F - a potion of brilliance
 L - a potion of beneficial mutation
 N - a potion of flight
Books
 e - a book of Beasts

   Spells                             Type                      Level
   a - Summon Butterflies             Summoning                    1
   b - Call Canine Familiar           Summoning                    3
   c - Summon Ice Beast               Ice/Summoning                4
   d - Summon Mana Viper              Hexes/Summoning              5
   e - Summon Hydra                   Summoning                    7
Comestibles
 d - 6 bread rations
 f - 11 fruits
 m - 4 meat rations


   Skills:
 + Level 7.1 Fighting
 * Level 12.4 Long Blades
 + Level 8.5 Dodging
 - Level 3.0 Shields


You had 9 spell levels left.
You didn't know any spells.

Dungeon Overview and Level Annotations

Branches:
Dungeon (10/15)            Temple (0/1) D:6             Orc (0/2) D:9
   Lair: D:8-11

Altars:
Ashenzari
Cheibriados
Fedhas
Okawaru
Ru
Uskayaw
Vehumet
Xom
Yredelemnul

Shops:
D:9 *

Annotations:
D:3 Ruebezahl's ghost, amateur GrCK


Innate Abilities, Weirdness & Mutations

You can breathe waves of freezing cold.
You can buffet flying creatures when you breathe cold.
Your icy white scales are hard. (AC +7)
Your body does not fit into most forms of armour.
Your flesh is cold resistant. (rC+)
You are cold-blooded and may be slowed by cold attacks.
You possess an exceptional clarity of mind.
Your flesh is heat resistant. (rF+)
You are resistant to hostile enchantments. (MR+)
You are weak. (Str -2)
You evolve.


Message History

You block the orc wizard's attack. You block the orc warrior's attack.
Unknown command.
You block the orc warrior's attack.
You see here an ichor-stained great sword {god gift}.
k - an ichor-stained great sword {god gift} You block the orc wizard's attack.
The orc warrior hits you from afar with a halberd!
* * * LOW HITPOINT WARNING * * *
There is an open door here.
You slash the orc wizard!
The orc wizard is severely wounded.
The orc wizard closely misses you.
You riposte.
You hit the orc wizard. You tail-slap the orc wizard.
The orc wizard is severely wounded.
You swing at nothing.
You hit the orc wizard.
You kill the orc wizard!
Okawaru accepts your kill.
The orc warrior hits you from afar with a halberd!
You die...

+..#..........# #......Yo....#
#..Y.ooo...# ###o######## ##
#oo..## #. ####..# #. #######o##
.# ###.#### #........# #.#
.......# #....@...### #.#
.......### #........'.#######.###
.........###........#....##......
....†..#...'........####..#......
.......#####........# ##.......[
.......# #........# ###..)...
####.### #........# #...†.. #..#
##'####### #...... #.## #....#
###.###


You could see an orc warrior.

Vanquished Creatures
  The ghost of 4thArraOfDagon the Grappler, a novice TrIE of Uskayaw (D:9)
  A hippogriff (D:10)
  Grum (D:8)
  Edmund (D:4)
  An ice beast (D:9)
  4 sky beasts
  3 orc warriors
  3 black bears
  The ghost of inmateoo the Slasher, an amateur DrFi (D:5)
  A necrophage (D:10)
  A crocodile (D:8)
  4 ogres
  5 centaurs
  2 wolves (D:8)
  An elf zombie (Ossuary)
  2 big kobolds
  Blork the orc (D:5)
  A gnoll sergeant (D:8)
  3 giant frogs
  7 scorpions
  12 killer bees
  2 howler monkeys (D:9)
  8 crimson imps
  2 centaur zombies
  A wasp zombie (D:7)
  8 orc priests
  5 hounds
  A human zombie (Ossuary)
  2 iguanas
  13 orc wizards
  A centaur skeleton (D:7)
  3 giant frog skeletons
  4 hell rats (D:6)
  4 worker ants
  4 ogre zombies (Ossuary)
  7 mummies (Ossuary)
  A howler monkey skeleton (D:5)
  7 gnolls (D:8)
  12 adders
  A river rat (D:6)
  An adder skeleton (D:7)
  2 adder zombies (Ossuary)
  A worm (D:2)
  4 dart slugs
  4 giant geckos
  25 orcs
  8 bats
  3 giant cockroaches
  A gnoll zombie (Ossuary)
  5 goblins
  7 hobgoblins
  5 jackals
  8 kobolds
  7 quokkas
  A giant gecko skeleton (D:4)
  A giant gecko zombie (D:7)
  5 giant newts
  2 goblin zombies (Ossuary)
  3 hobgoblin zombies (Ossuary)
  5 kobold zombies (Ossuary)
  7 quokka zombies (Ossuary)
  28 rats
  3 rat zombies (Ossuary)
278 creatures vanquished.

Vanquished Creatures (collateral kills)
  An orc (D:4)
1 creature vanquished.

Vanquished Creatures (others)
  4 kobolds
4 creatures vanquished.

Grand Total: 283 creatures vanquished

Notes
Turn   | Place    | Note
-------+----------+-------------------------------------------
     0 | D:1      | inmateoo the Draconian Fighter began the quest for the Orb.
     0 | D:1      | Reached XP level 1. HP: 19/19 MP: 1/1
    51 | D:2      | Reached XP level 2. HP: 14/26 MP: 2/2
   430 | D:2      | Reached skill level 3 in Long Blades
   545 | D:2      | Found an iron altar of Okawaru.
   554 | D:2      | Became a worshipper of Warmaster Okawaru
   558 | D:2      | Reached XP level 3. HP: 24/31 MP: 3/3
  1582 | D:2      | Reached XP level 4. HP: 38/38 MP: 4/4
  1612 | D:3      | Found a blossoming altar of Fedhas.
  1709 | D:3      | Noticed Ruebezahl's ghost (amateur GrCK)
  2039 | D:4      | Noticed Edmund
  2117 | D:4      | Gained mutation: You are weak. (Str -2) [potion of mutation]
  2117 | D:4      | Gained mutation: You are frail. (-10% HP) [potion of mutation]
  2117 | D:4      | Gained mutation: You are agile. (Dex +2) [potion of mutation]
  2122 | D:4      | Reached skill level 4 in Long Blades
  2138 | D:4      | Killed Edmund
  2138 | D:4      | Reached * piety under Okawaru
  2138 | D:4      | Reached skill level 5 in Long Blades
  2138 | D:4      | Reached XP level 5. HP: 22/40 MP: 5/5
  2239 | D:4      | Noticed an ogre
  2247 | D:4      | Killed an ogre
  2247 | D:4      | Reached XP level 6. HP: 41/45 MP: 6/6
  2269 | D:4      | Found a basalt altar of Yredelemnul.
  2541 | D:4      | Reached skill level 6 in Long Blades
  2817 | D:5      | Entered Level 5 of the Dungeon
  2817 | D:5      | Noticed Blork the orc
  2840 | D:5      | Killed Blork the orc
  2840 | D:5      | Reached ** piety under Okawaru
  2840 | D:5      | Your scales start taking on an icy white colour.
  2840 | D:5      | Reached XP level 7. HP: 38/51 MP: 7/7
  2840 | D:5      | Gained mutation: Your flesh is cold resistant. (rC+) [White Draconian growth]
  3060 | D:5      | Noticed inmateoo's ghost (amateur DrFi)
  3078 | D:5      | Killed inmateoo's ghost
  3079 | D:5      | Reached skill level 5 in Dodging
  3147 | D:5      | Reached skill level 7 in Long Blades
  3551 | D:5      | Found a hide-covered altar of Uskayaw.
  3553 | D:5      | Found a shattered altar of Ashenzari.
  3556 | D:5      | Found a shimmering altar of Xom.
  3620 | D:6      | Found a sand-covered staircase.
  3726 | Ossuary  | Entered an ossuary
  3900 | Ossuary  | Reached XP level 8. HP: 47/56 MP: 8/8
  3972 | Ossuary  | Reached skill level 8 in Long Blades
  4465 | D:6      | Found a staircase to the Ecumenical Temple.
  5031 | D:6      | Reached *** piety under Okawaru
  5287 | D:6      | Reached skill level 9 in Long Blades
  5523 | D:6      | Gained mutation: Your magical capacity is low. (-10% MP) [mutagenic meat]
  5526 | D:6      | Lost mutation: You are agile. (Dex +2) [mutagenic meat]
  5529 | D:6      | Gained mutation: You are resistant to hostile enchantments. (MR+) [mutagenic meat]
  5532 | D:6      | Lost mutation: You are frail. (-10% HP) [mutagenic meat]
  5535 | D:6      | Gained mutation: Your flesh is heat resistant. (rF+) [mutagenic meat]
  5538 | D:6      | Gained mutation: You possess an exceptional clarity of mind. [mutagenic meat]
  5754 | D:6      | Found a sacrificial altar of Ru.
  6022 | D:7      | Reached XP level 9. HP: 70/70 MP: 8/8
  6045 | D:7      | Reached skill level 10 in Long Blades
  6541 | D:7      | Reached **** piety under Okawaru
  6864 | D:7      | Found a snail-covered altar of Cheibriados.
  6864 | D:7      | Found a radiant altar of Vehumet.
  7025 | D:8      | Noticed Grum
  7062 | D:8      | Killed Grum
  7062 | D:8      | Reached skill level 5 in Fighting
  7062 | D:8      | Reached skill level 11 in Long Blades
  7377 | D:8      | Gained mutation: You evolve. [mutagenic meat]
  7425 | D:8      | Lost mutation: Your magical capacity is low. (-10% MP) [mutagenic meat]
  7730 | D:8      | Reached ***** piety under Okawaru
  7730 | D:8      | Reached XP level 10. HP: 80/83 MP: 10/10
  7948 | D:8      | You fall through a shaft!
  7948 | D:9      | Found a staircase to the Orcish Mines.
  8347 | D:9      | Received a gift from Okawaru
  8781 | D:9      | Noticed 4thArraOfDagon's ghost (novice TrIE)
  9294 | D:9      | Killed 4thArraOfDagon's ghost
  9294 | D:9      | Reached skill level 12 in Long Blades
  9304 | D:9      | Found Maiv's Assorted Antiques.
  9308 | D:9      | Bought a scroll of identify for 46 gold pieces
  9308 | D:9      | Bought a fuming brown potion for 20 gold pieces
  9308 | D:9      | Bought a ruby ring for 115 gold pieces
  9308 | D:9      | Bought a scroll of identify for 46 gold pieces
  9308 | D:9      | Bought a lumpy yellow potion for 20 gold pieces
  9308 | D:9      | Bought a scroll of identify for 46 gold pieces
  9312 | D:9      | Bought a blackened cabochon ring for 115 gold pieces
  9885 | D:10     | Entered Level 10 of the Dungeon
 10100 | D:10     | Received a gift from Okawaru
 10105 | D:10     | Got an ichor-stained great sword {god gift}
 10112 | D:10     | Slain by an orc warrior

Vault maps used:
D:1:      dpeg_arrival_orchard
D:2:      old_standard_altar
D:3:      fedhas_altar_3, uniq_robin
D:4:      kennysheep_big_flooded_room, yredelemnul_altar_generic, uniq_edmund
D:5:      grunt_temple_overflow_open, first_bread, serial_bayou_crossing,
          uniq_blork_the_orc
D:6:      lemuel_ratsnest, enter_ossuary_1, nicolae_ru_great_annihilating_truth
D:7:      gammafunk_temple_overflow_wave
D:8:      uniq_grum
D:9:      david_orc_3, serial_shops, shop
Ossuary:  ossuary_boxes_badplayer

Skill      XL: |  1  2  3  4  5  6  7  8  9 10 |
---------------+-------------------------------+-----
Dodging        | 3 4 5 6 7 8 |  8.5
Long Blades    | 3 5 6 7 9 11 12 | 12.4
Fighting       | 5 7 |  7.1
Shields        | |  3.0

Action                   |  1- 3 |  4- 6 |  7- 9 | 10-12 || total
-------------------------+-------+-------+-------+-------++-------
Melee: Long sword        |   139 |   116 |   812 |   417 ||  1484
       Tailslap          |    17 |    23 |   106 |    39 ||   185
Invok: Heroism           |       |       |     1 |     3 ||     4
 Abil: Breathe Frost     |       |       |     9 |     6 ||    15
Evoke: Wand              |       |     4 |     2 |     2 ||     8
  Use: Potion            |       |     6 |     1 |     2 ||     9
       Scroll            |       |     2 |    18 |     2 ||    22
 Stab: Sleeping          |       |     2 |    15 |     1 ||    18
       Distracted        |       |       |     2 |       ||     2
       Paralysed         |       |       |     1 |       ||     1
  Eat: Chunk             |     2 |     4 |    23 |     6 ||    35
       Pizza             |       |       |     2 |     2 ||     4
       Beef jerky        |       |       |     1 |       ||     1
Armor: Skin              |    31 |    10 |   131 |    78 ||   250
Dodge: Dodged            |    31 |    30 |   192 |   109 ||   362
Block: Shield            |   114 |    81 |   431 |   251 ||   877
       Reflection        |     7 |       |    12 |     3 ||    22
